 Dungeon Crawl Stone Soup version 0.27-a0-1525-g1038ab4fd7 (webtiles) character file.

Game seed: 7225956413812277460

39 hatdisgam the Magician (level 3, -1/24 HPs)
             Began as a Mummy Fire Elementalist on July 11, 2021.
             Slain by an adder (5 damage)
             ... on level 2 of the Dungeon.
             The game lasted 00:02:31 (1447 turns).

hatdisgam the Magician (Mummy Fire Elementalist)    Turns: 1447, Time: 00:02:31

Health: -1/24      AC:  2    Str: 11    XL:     3   Next: 26%
Magic:  3/7        EV: 12    Int: 15    God:
Gold:   43         SH:  0    Dex: 12    Spells: 7/8 levels left

rFire    x . .     SeeInvis .   e - +0 dagger
rCold    + . .     Faith    .   (no shield)
rNeg     + + +     Spirit   .   a - +0 robe
rPois    ∞         Reflect  .   (no helmet)
rElec    .         Harm     .   (no cloak)
rCorr    .         Rampage  .   (no gloves)
Will     .....                  (no boots)
Stlth    ++........             (no amulet)
HPRegen  0.08/turn              (no ring)
MPRegen  0.10/turn              (no ring)

@: no status effects
A: cold resistance 1, negative energy resistance 3, torment resistance 2, heat
vulnerability 1, no potions
a: no special abilities


You were on level 2 of the Dungeon.
You visited 1 branch of the dungeon, and saw 2 of its levels.

You collected 43 gold pieces.

Inventory:

Hand Weapons
 e - a +0 dagger (weapon)
Armour
 a - a +0 robe (worn)
Scrolls
 b - 2 scrolls of enchant weapon {unknown}
 c - a scroll of fear {unknown}
 d - a scroll of identify {unknown}


   Skills:
 - Level 1.5 Dodging
 - Level 1.5 Stealth
 + Level 3.1 Spellcasting
 * Level 1.7 Conjurations
 * Level 3.0 Fire Magic


You had 7 spell levels left.
You knew the following spells:

 Your Spells              Type           Power      Damage    Failure   Level
a - Foxfire               Conj/Fire      36%        2x1d5     8%          1

Your spell library contained the following spells:

 Spells                   Type           Power      Damage    Failure   Level
 Animate Skeleton         Necr           4%         N/A       21%         1
 Apportation              Tloc           4%         N/A       21%         1
 Corona                   Hex            2%         N/A       21%         1
 Summon Small Mammal      Summ           8%         N/A       21%         1
 Conjure Flame            Conj/Fire      9%         6-21      22%         3
 Inner Flame              Hex/Fire       6%         N/A       32%         3
 Sticky Flame             Conj/Fire      9%         2d3       58%         4
 Fireball                 Conj/Fire      4%         3d4       91%         5


Dungeon Overview and Level Annotations

Branches:
Dungeon (2/15)

Altars:

Shops:
D:1 *


Innate Abilities, Weirdness & Mutations

You are immune to poison.
Your flesh is cold resistant. (rC+)
You are immune to negative energy. (rN+++)
You are immune to unholy pain and torment.
You are vulnerable to heat. (rF-)
You do not drink.


Message History

You hit the jackal.
You kill the jackal!
The rat bites you.
Your Fire Magic skill increases to level 3!
You closely miss the adder. The adder barely misses you.
The rat closely misses you. The adder bites you.
Casting: Foxfire (safe; 8% risk of failure)
Confirm with . or Enter, or press ? or * to list all spells.
You miscast Foxfire.
You are very lightly contaminated with residual magic.
Nothing appears to happen.
The rat bites you. The adder bites you.
Unknown command.
Casting: Foxfire (safe; 8% risk of failure)
Confirm with . or Enter, or press ? or * to list all spells.
You conjure some foxfire!
The adder bites you.
* * * LOW HITPOINT WARNING * * *
The rat closely misses you.
Unknown command.
Your foxfire dissipates!
The foxfire hits the adder.
The adder is moderately wounded.
The adder closely misses you.
Casting: Foxfire (safe; 8% risk of failure)
Confirm with . or Enter, or press ? or * to list all spells.
You conjure some foxfire!
The adder closely misses you.
Your foxfire dissipates!
The foxfire hits the adder.
The adder is heavily wounded.
Unknown command.
Casting: Foxfire (safe; 8% risk of failure)
Confirm with . or Enter, or press ? or * to list all spells.
You conjure some foxfire!
The adder closely misses you.
The foxfire hits the rat.
The rat is heavily wounded.
The adder bites you.
* * * LOW HITPOINT WARNING * * *
Your foxfire dissipates!
Your magical contamination has completely faded away.
The adder bites you.
You die...

#.# ## ### ##.## #.
=..#...# #[#####.#...#
#.#..†......#
#.#.#####...#
#...........# #
####.######..####.####
#....@S.r....†........
#.##.#####.##†###.....
#.##...#......# ....
#.####.#.#..... ...
#.# #.#.#....... ..
#.####.# #....... .
#......# #########
#####..# #..#


You could see an adder and a rat.

Vanquished Creatures
  An adder (D:2)
  An orc (D:1)
  A giant cockroach (D:1)
  2 goblins (D:1)
  3 hobgoblins (D:1)
  7 jackals
  3 quokkas (D:1)
  3 bats (D:1)
  3 frilled lizards
  A kobold (D:1)
  A rat (D:2)
26 creatures vanquished.

Vanquished Creatures (others)
  64 foxfires
64 creatures vanquished.

Grand Total: 90 creatures vanquished

Notes
Turn   | Place    | Note
-------+----------+-------------------------------------------
     0 | D:1      | hatdisgam the Mummy Fire Elementalist began the quest for
                  | the Orb.
     0 | D:1      | Reached XP level 1. HP: 13/13 MP: 4/4
   194 | D:1      | Reached skill level 1 in Conjurations
   393 | D:1      | Reached XP level 2. HP: 15/19 MP: 2/5
   523 | D:1      | Found a faded altar of an unknown god.
   550 | D:1      | Found Soro's Assorted Antiques.
  1341 | D:2      | Reached XP level 3. HP: 20/24 MP: 2/7
  1447 | D:2      | Slain by an adder

Illustrated notes

Levels and vault maps discovered:
D:1:      dpeg_arrival_fog, layout_basic, shapermc_ecumenical_altar_mp_vishouse,
          serial_shops, nicolae_shop_statue_plus
D:2:      layout_basic, uniq_sigmund

Skill      XL: |  1  2  3 |
---------------+----------+-----
Conjurations   | 1 |  1.7
Spellcasting   | 3 |  3.1
Fire Magic     | 3 |  3.0
Dodging        | |  1.5
Stealth        | |  1.5

Action                   || total
-------------------------++-------
Melee: Unarmed           ||    14
       Dagger            ||    17
 Cast: Foxfire           ||    41
 Stab: Sleeping          ||     1
Armor: Robe              ||     7
Dodge: Dodged            ||    43

Table legend: (Time is in decaauts)
 A = Elapsed time spent in this place.
 B = Non-inter-level travel time spent in this place.
 C = Inter-level travel time spent in this place.
 D = Time resting spent in this place.
 E = Time spent auto-exploring this place.
 F = Levels seen in this place.
 G = Mean time per level.
                   A        B        C        D        E       F      G
               +--------+--------+--------+--------+--------+-----+--------+
         Total |   1448 |   1421 |     27 |    316 |    889 |   2 |  724.0 |
       Dungeon |   1448 |   1421 |     27 |    316 |    889 |   2 |  724.0 |
               +--------+--------+--------+--------+--------+-----+--------+

Top non-repeatable levels by time:
     D:1: 1287 daAuts
     D:2: 160 daAuts
